XFBL
ST. LOUIS CARDINALS @ PITTSBURGH PIRATES
08/15/1982
 
TOP OF THE 1ST
St. Louis Cardinals batting - Pitching for Pittsburgh Pirates : RHP Rafael Santana
Pitching: RHP Rafael Santana
Batting: SHB Otis Nixon 0-0: Called Strike
0-1: Ball
1-1: Foul Ball, location: 2F
1-2: Ball
2-2: Foul Ball, location: 2F
2-2: Ball
3-2: Ground out 4-3 (Groundball, 4, EV 89.4 MPH)
Batting: LHB Jim Gantner 0-0: Called Strike
0-1: Foul Ball, location: 2F
0-2: Strikes out swinging
Batting: LHB Mike Davis 0-0: Called Strike
0-1: Ball
1-1: Ball
2-1: Ball
3-1: Ground out 5-3 (Groundball, 56, EV 87.5 MPH)
Top of the 1st over - 0 runs, 0 hits, 0 errors, 0 left on base; St. Louis 0 - Pittsburgh 0
BOTTOM OF THE 1ST
Pittsburgh Pirates batting - Pitching for St. Louis Cardinals : LHP Ken Holtzman
Pitching: LHP Ken Holtzman
Batting: RHB Rennie Stennett 0-0: Called Strike
0-1: Ball
1-1: Ball
2-1: Foul Ball, location: 2F
2-2: Fly out, F8 (Flyball, 8RM, EV 91.9 MPH)
Batting: LHB Jared Martin 0-0: Ball
1-0: Called Strike
1-1: Fly out, F2 (Popup, 2L, EV 88.8 MPH)
Batting: LHB Greg Walker 0-0: Fly out, F7 (Flyball, 7LS, EV 86.3 MPH)
Bottom of the 1st over - 0 runs, 0 hits, 0 errors, 0 left on base; St. Louis 0 - Pittsburgh 0
TOP OF THE 2ND
St. Louis Cardinals batting - Pitching for Pittsburgh Pirates : RHP Rafael Santana
Batting: RHB Joe Torre 0-0: Called Strike
0-1: Fly out, F8 (Flyball, 78D, EV 91.3 MPH)
Batting: SHB Billy E Smith 0-0: Foul Ball, location: 2F
0-1: Ball
1-1: Ball
2-1: Ball
3-1: Called Strike
3-2: Strikes out swinging
Batting: RHB Craig Stimac 0-0: Ball
1-0: Foul Ball, location: 2F
1-1: Foul Ball, location: 2F
1-2: Ball
2-2: SINGLE (Groundball, 56D, EV 107.5 MPH)
Batting: RHB Brian Dayett 0-0: Ball
1-0: Foul Ball, location: 2F
1-1: Foul Ball, location: 2F
1-2: Foul Ball, location: 2F
1-2: Ball
2-2: Ball
3-2: Foul Ball, location: 2F
3-2: Base on Balls
Craig Stimac to second
Batting: RHB Mookie Wilson 0-0: Fielders Choice at 2nd, 6-4 (Groundball, 56, EV 86.3 MPH)
Top of the 2nd over - 0 runs, 1 hit, 0 errors, 2 left on base; St. Louis 0 - Pittsburgh 0
BOTTOM OF THE 2ND
Pittsburgh Pirates batting - Pitching for St. Louis Cardinals : LHP Ken Holtzman
Batting: RHB Mike C Brown 0-0: Ball
1-0: SINGLE (Line Drive, 56, EV 108.1 MPH)
Batting: RHB William Max 0-0: Ball
1-0: Ball
2-0: Called Strike
2-1: Foul Ball, location: 2F
2-2: Strikes out swinging
Batting: SHB John Shelby 0-0: Called Strike
0-1: Foul Ball, location: 2F
0-2: Foul Ball, location: 2F
0-2: Foul Ball, location: 2F
0-2: Ball
1-2: Fly out, F6 (Flyball, 56D, EV 89.4 MPH)
Batting: SHB Ron Oester 0-0: Ball
1-0: Called Strike
1-1: Ball
2-1: Ball
3-1: Base on Balls
Mike C Brown to second
Batting: RHB Rafael Santana 0-0: Ball
1-0: Called Strike
1-1: SINGLE (Line Drive, 9LS, EV 100.0 MPH)
Mike C Brown to third
Ron Oester to second
Runner from 3rd tries for Home, SAFE, throw by RF to home
Batting: RHB Frank Hunsaker 0-0: SINGLE (Groundball, 4D, EV 107.5 MPH)
Ron Oester to third
Rafael Santana to second
Runner from 3rd tries for Home, SAFE, throw by CF to home
Batting: RHB Rennie Stennett 0-0: Foul Ball, location: 2F
0-1: Ball
1-1: Fly out, F5 (Line Drive, 5, EV 71.3 MPH)
Bottom of the 2nd over - 2 runs, 3 hits, 0 errors, 2 left on base; St. Louis 0 - Pittsburgh 2
TOP OF THE 3RD
St. Louis Cardinals batting - Pitching for Pittsburgh Pirates : RHP Rafael Santana
Batting: RHB Ken Holtzman 0-0: Foul Ball, location: 2F
0-1: Ball
1-1: Called Strike
1-2: Strikes out swinging
Batting: SHB Otis Nixon 0-0: Called Strike
0-1: Foul Ball, location: 2F
0-2: Ball
1-2: Foul Ball, location: 2F
1-2: Ball
2-2: Ball
3-2: Foul Ball, location: 2F
3-2: Foul Ball, location: 2F
3-2: Foul Ball, location: 2F
3-2: Base on Balls
Batting: LHB Jim Gantner 0-0: Ball
1-0: Called Strike
1-1: Swinging Strike
1-2: Strikes out swinging
Batting: LHB Mike Davis 0-0: Ball
1-0: Called Strike
1-1: Ball
2-1: Ground out 4-3 (Groundball, 34, EV 96.9 MPH)
Top of the 3rd over - 0 runs, 0 hits, 0 errors, 1 left on base; St. Louis 0 - Pittsburgh 2
BOTTOM OF THE 3RD
Pittsburgh Pirates batting - Pitching for St. Louis Cardinals : LHP Ken Holtzman
Batting: LHB Jared Martin 0-0: Ball
1-0: Foul Ball, location: 2F
1-1: Ball
2-1: Ball
3-1: SINGLE (Groundball, 34D, EV 109.4 MPH)
Batting: LHB Greg Walker 0-0: Ball
1-0: Ball
2-0: Foul Ball, location: 2F
2-1: Fielders Choice at 2nd, 6-4 (Groundball, 6M, EV 78.8 MPH)
Batting: RHB Mike C Brown 0-0: Ball
1-0: Called Strike
1-1: 2-RUN HOME RUN (Flyball, 7D, EV 99.4 MPH), Distance : 370 ft
Batting: RHB William Max 0-0: Ball
1-0: Foul Ball, location: 2F
1-1: Ball
2-1: Ball
3-1: Fly out, F9 (Flyball, 9, EV 81.9 MPH)
Batting: SHB John Shelby 0-0: Called Strike
0-1: Foul Ball, location: 2F
0-2: Strikes out swinging
Bottom of the 3rd over - 2 runs, 2 hits, 0 errors, 0 left on base; St. Louis 0 - Pittsburgh 4
TOP OF THE 4TH
St. Louis Cardinals batting - Pitching for Pittsburgh Pirates : RHP Rafael Santana
Batting: RHB Joe Torre 0-0: Foul Ball, location: 2F
0-1: Hit by Pitch
Batting: SHB Billy E Smith 0-0: Called Strike
0-1: Foul Ball, location: 2F
0-2: Fly out, F7 (Line Drive, 7, EV 86.3 MPH)
Batting: RHB Craig Stimac 0-0: Ball
1-0: Fly out, F8 (Flyball, 89M, EV 96.9 MPH)
Batting: RHB Brian Dayett 0-0: Called Strike
0-1: Swinging Strike
0-2: Ball
1-2: Ball
2-2: Foul Ball, location: 2F
2-2: Foul Ball, location: 2F
2-2: Foul Ball, location: 2F
2-2: Foul Ball, location: 2F
2-2: Foul Ball, location: 2F
2-2: Strikes out looking
Top of the 4th over - 0 runs, 0 hits, 0 errors, 1 left on base; St. Louis 0 - Pittsburgh 4
BOTTOM OF THE 4TH
Pittsburgh Pirates batting - Pitching for St. Louis Cardinals : LHP Ken Holtzman
Batting: SHB Ron Oester 0-0: Ball
1-0: Fly out, F3 (Popup, 3S, EV 76.3 MPH)
Batting: RHB Rafael Santana 0-0: Ball
1-0: Swinging Strike
1-1: Ball
2-1: Foul Ball, location: 2F
2-2: Foul Ball, location: 2F
2-2: SINGLE (Groundball, 56D, EV 101.9 MPH)
Batting: RHB Frank Hunsaker 0-0: Called Strike
0-1: Swinging Strike
0-2: Ball
1-2: Foul Ball, location: 2F
1-2: Ball
2-2: Ball
3-2: Grounds into double play, 6-4-3 (Groundball, 6, EV 95.6 MPH)
Bottom of the 4th over - 0 runs, 1 hit, 0 errors, 0 left on base; St. Louis 0 - Pittsburgh 4
TOP OF THE 5TH
St. Louis Cardinals batting - Pitching for Pittsburgh Pirates : RHP Rafael Santana
Batting: RHB Mookie Wilson 0-0: Ball
1-0: Fly out, F9 (Flyball, 9LM, EV 102.5 MPH)
Batting: RHB Ken Holtzman 0-0: Foul Ball, location: 2F
0-1: Swinging Strike
0-2: Ball
1-2: Strikes out swinging
Batting: SHB Otis Nixon 0-0: Ball
1-0: Called Strike
1-1: Ball
2-1: Ball
3-1: Base on Balls
Batting: LHB Jim Gantner 0-0: Ball
1-0: Ball
2-0: Ball
3-0: Called Strike
3-1: SINGLE (Line Drive, 3, EV 67.5 MPH) (infield hit)
Otis Nixon to second
Batting: LHB Mike Davis 0-0: Called Strike
0-1: Ball
1-1: Swinging Strike
1-2: Ball
2-2: Ground out 4-3 (Groundball, 4, EV 108.8 MPH)
Top of the 5th over - 0 runs, 1 hit, 0 errors, 2 left on base; St. Louis 0 - Pittsburgh 4
BOTTOM OF THE 5TH
Pittsburgh Pirates batting - Pitching for St. Louis Cardinals : LHP Ken Holtzman
Batting: RHB Rennie Stennett 0-0: Called Strike
0-1: Ball
1-1: Ball
2-1: Foul Ball, location: 2F
2-2: Strikes out swinging
Batting: LHB Jared Martin 0-0: Ground out 6-3 (Groundball, 6, EV 81.9 MPH)
Batting: LHB Greg Walker 0-0: Ball
1-0: Ball
2-0: Called Strike
2-1: Ball
3-1: Ground out 6-3 (Groundball, 56D, EV 101.9 MPH)
Bottom of the 5th over - 0 runs, 0 hits, 0 errors, 0 left on base; St. Louis 0 - Pittsburgh 4
TOP OF THE 6TH
St. Louis Cardinals batting - Pitching for Pittsburgh Pirates : RHP Rafael Santana
Pitching: RHP Timnothy Milner
Batting: RHB Joe Torre 0-0: Ball
1-0: Ball
2-0: Foul Ball, location: 2F
2-1: Ball
3-1: Called Strike
3-2: Foul Ball, location: 2F
3-2: Base on Balls
Batting: SHB Billy E Smith 0-0: Foul Ball, location: 2F
0-1: Foul Ball, location: 2F
0-2: Fly out, F8 (Flyball, 8RD, EV 75.0 MPH)
Batting: RHB Craig Stimac 0-0: Ball
1-0: Ball
2-0: Ball
3-0: Called Strike
3-1: Foul Ball, location: 2F
3-2: Base on Balls
Joe Torre to second
Batting: RHB Brian Dayett 0-0: Ball
1-0: Ball
2-0: Foul Ball, location: 2F
2-1: DOUBLE (Line Drive, 89D, EV 102.5 MPH)
Joe Torre scores
Craig Stimac to third
Runner from 3rd tries for Home, throw by CF and OUT! 8-4-2
Brian Dayett to third
Batting: RHB Mookie Wilson 0-0: Ball
1-0: Ground out 5-3 (Groundball, 56S, EV 87.5 MPH)
Top of the 6th over - 1 run, 1 hit, 0 errors, 1 left on base; St. Louis 1 - Pittsburgh 4
BOTTOM OF THE 6TH
Pittsburgh Pirates batting - Pitching for St. Louis Cardinals : LHP Ken Holtzman
Batting: RHB Mike C Brown 0-0: Ball
1-0: Foul Ball, location: 2F
1-1: Ball
2-1: Foul Ball, location: 2F
2-2: Ball
3-2: Fly out, F7 (Flyball, 78M, EV 85.6 MPH)
Batting: RHB William Max 0-0: Ball
1-0: Ball
2-0: Ball
3-0: Called Strike
3-1: Called Strike
3-2: SINGLE (Line Drive, 9LS, EV 92.5 MPH)
Batting: SHB John Shelby 0-0: Ball
1-0: Called Strike
1-1: Fly out, F3 (Popup, 3SF, EV 74.4 MPH)
Batting: SHB Ron Oester 0-0: Called Strike
0-1: Ball
1-1: Ball
2-1: Called Strike
2-2: Ball
3-2: 2-RUN HOME RUN (Flyball, 7LD, EV 93.1 MPH), Distance : 350 ft
Pinch Hitting: LHB Robert Lopez 0-0: Ball
1-0: SINGLE (Line Drive, 89M, EV 96.9 MPH)
Pitching: RHP Larry Yount
Batting: RHB Frank Hunsaker 0-0: Foul Ball, location: 2F
0-1: Ball
1-1: Ground out 5-3 (Groundball, 25, EV 85.6 MPH)
Bottom of the 6th over - 2 runs, 3 hits, 0 errors, 1 left on base; St. Louis 1 - Pittsburgh 6
TOP OF THE 7TH
St. Louis Cardinals batting - Pitching for Pittsburgh Pirates : RHP Timnothy Milner
Pitching: RHP Jose Vasquez
Pinch Hitting: LHB Pat Putnam 0-0: Called Strike
0-1: Foul Ball, location: 2F
0-2: Strikes out looking
Batting: SHB Otis Nixon 0-0: DOUBLE (Groundball, 5L, EV 104.4 MPH)
Batting: LHB Jim Gantner 0-0: Called Strike
0-1: Called Strike
0-2: Foul Ball, location: 2F
0-2: Ball
1-2: Ball
2-2: Foul Ball, location: 2F
2-2: Foul Ball, location: 2F
2-2: Foul Ball, location: 2F
2-2: SINGLE (Groundball, 15S, EV 70.0 MPH) (infield hit)
Otis Nixon to third
Batting: LHB Mike Davis 0-0: Called Strike
0-1: Ball
1-1: Ball
2-1: Ball
3-1: Swinging Strike
3-2: Strikes out swinging
Batting: RHB Joe Torre 0-0: Foul Ball, location: 2F
0-1: Ball
1-1: Foul Ball, location: 2F
Pickoff Throw to First - Error! E1
Otis Nixon scores
Jim Gantner to second
1-2: Ball
2-2: Ball
3-2: Foul Ball, location: 2F
3-2: Base on Balls
Batting: SHB Billy E Smith 0-0: SINGLE (Line Drive, 78M, EV 103.8 MPH)
Jim Gantner to third
Joe Torre to second
Runner from 3rd tries for Home, SAFE, throw by LF to home
Batting: RHB Craig Stimac 0-0: Called Strike
0-1: Ball
1-1: Ball
2-1: Ball
3-1: Foul Ball, location: 2F
3-2: Foul Ball, location: 2F
3-2: Base on Balls
Joe Torre to third
Billy E Smith to second
Batting: RHB Brian Dayett 0-0: Ball
1-0: Ball
2-0: Ball
3-0: Base on Balls
Joe Torre scores
Billy E Smith to third
Craig Stimac to second
Pinch Hitting: LHB Mark Hildebrand 0-0: SINGLE (Groundball, 3D, EV 102.5 MPH)
Billy E Smith scores
Craig Stimac to third
Brian Dayett to second
Runner from 3rd tries for Home, SAFE, throw by RF to home
Pitching: RHP Mike Smithson
Batting: LHB Pat Putnam 0-0: Ball
1-0: Ground out 4-3 (Groundball, 4, EV 90.0 MPH)
Top of the 7th over - 5 runs, 4 hits, 1 error, 2 left on base; St. Louis 6 - Pittsburgh 6
BOTTOM OF THE 7TH
Pittsburgh Pirates batting - Pitching for St. Louis Cardinals : RHP Larry Yount
Pitching: RHP Larry Andersen
Now in CF: Pat Putnam
Batting: RHB Rennie Stennett 0-0: Called Strike
0-1: Fly out, F9 (Flyball, 89D, EV 102.5 MPH)
Batting: LHB Jared Martin 0-0: Ball
1-0: Called Strike
1-1: Fly out, F8 (Flyball, 78M, EV 96.3 MPH)
Batting: LHB Greg Walker 0-0: Called Strike
0-1: Fly out, F8 (Flyball, 8RXD, EV 81.9 MPH)
Bottom of the 7th over - 0 runs, 0 hits, 0 errors, 0 left on base; St. Louis 6 - Pittsburgh 6
TOP OF THE 8TH
St. Louis Cardinals batting - Pitching for Pittsburgh Pirates : RHP Mike Smithson
Batting: SHB Otis Nixon 0-0: Called Strike
0-1: Called Strike
0-2: Ball
1-2: Ball
2-2: Ground out 4-3 (Groundball, 4, EV 83.8 MPH)
Batting: LHB Jim Gantner 0-0: Foul Ball, location: 2F
0-1: Ball
1-1: Ball
2-1: Ball
3-1: SOLO HOME RUN (Flyball, 9D, EV 106.9 MPH), Distance : 373 ft
Batting: LHB Mike Davis 0-0: Called Strike
0-1: Ball
1-1: DOUBLE (Line Drive, 7LM, EV 106.9 MPH)
Batting: RHB Joe Torre 0-0: Swinging Strike
0-1: Foul Ball, location: 2F
0-2: Ground out 4-3 (Groundball, 4M, EV 89.4 MPH)
Mike Davis to third
Batting: SHB Billy E Smith 0-0: Ball
1-0: Called Strike
1-1: Called Strike
1-2: Ground out 2-3 (Groundball, 2L, EV 65.0 MPH)
Top of the 8th over - 1 run, 2 hits, 0 errors, 1 left on base; St. Louis 7 - Pittsburgh 6
BOTTOM OF THE 8TH
Pittsburgh Pirates batting - Pitching for St. Louis Cardinals : RHP Larry Andersen
Batting: RHB Mike C Brown 0-0: SINGLE (Line Drive, 4MD, EV 94.4 MPH)
Pinch Hitting: SHB Chili Davis 0-0: Ball
1-0: Foul Ball, location: 2F
1-1: Swinging Strike
1-2: Fly out, F4 (Flyball, 3D, EV 88.1 MPH)
Batting: SHB John Shelby 0-0: Ball
1-0: Fly out, F9 (Flyball, 89S, EV 89.4 MPH)
Batting: SHB Ron Oester 0-0: Called Strike
0-1: Ball
1-1: Ball
2-1: Foul Ball, location: 2F
2-2: SINGLE (Line Drive, 78M, EV 107.5 MPH)
Mike C Brown to second
Runner from 2nd tries for 3rd, SAFE, throw by CF made to third
Pinch Hitting: RHB Dan Gladden 0-0: Ball
1-0: Ground out 5-3 (Groundball, 56S, EV 78.1 MPH)
Bottom of the 8th over - 0 runs, 2 hits, 0 errors, 2 left on base; St. Louis 7 - Pittsburgh 6
TOP OF THE 9TH
St. Louis Cardinals batting - Pitching for Pittsburgh Pirates : RHP Mike Smithson
Pitching: RHP Scott Lyman
Now at 2B: Dan Gladden
Batting: RHB Craig Stimac 0-0: Ball
1-0: SINGLE (Line Drive, 7S, EV 107.5 MPH)
Batting: RHB Brian Dayett 0-0: Called Strike
0-1: Foul Ball, location: 2F
0-2: Fly out, F9 (Flyball, 9, EV 96.3 MPH)
Pinch Hitting: RHB Sixto Lezcano 0-0: Called Strike
0-1: Ball
1-1: Foul Ball, location: 2F
1-2: Strikes out swinging
Batting: LHB Pat Putnam 0-0: Ball
1-0: Called Strike
1-1: Foul Ball, location: 2F
1-2: Ground out U3 (Groundball, 3, EV 85.6 MPH)
Top of the 9th over - 0 runs, 1 hit, 0 errors, 1 left on base; St. Louis 7 - Pittsburgh 6
BOTTOM OF THE 9TH
Pittsburgh Pirates batting - Pitching for St. Louis Cardinals : RHP Larry Andersen
Pitching: RHP Lary Sorensen
Now at 2B: Steve Lubratich
Pinch Hitting: LHB Terry Whitfield 0-0: Called Strike
0-1: Called Strike
0-2: Ball
1-2: Ground out 6-3 (Groundball, 6M, EV 96.3 MPH)
Batting: RHB Rennie Stennett 0-0: Ground out 6-3 (Groundball, 6M, EV 85.0 MPH)
Batting: LHB Jared Martin 0-0: Called Strike
0-1: Ball
1-1: DOUBLE (Line Drive, 7LS, EV 103.1 MPH)
Batting: LHB Greg Walker 0-0: Swinging Strike
0-1: Ball
1-1: Ball
2-1: Foul Ball, location: 2F
2-2: Strikes out swinging
Bottom of the 9th over - 0 runs, 1 hit, 0 errors, 1 left on base; St. Louis 7 - Pittsburgh 6
Monday, August 24th, 2020 - OOTP Baseball 21.5 Build 76